 Seeded DCSS version 0.31-a0-848-gaac375c287 (webtiles) character file.

Game seed: 20231004 (custom seed)

695 Danienth the Sneak (level 7, -11/35 HPs)
             Began as a Spriggan Enchanter on Oct 4, 2023.
             Was an Initiate of Dithmenos.
             Killed by an exploding iguana (19 damage)
             ... ignited by their inner flame
             ... on level 5 of the Dungeon on Oct 5, 2023.
             The game lasted 00:32:43 (5886 turns).

Danienth the Sneak (Spriggan Enchanter)             Turns: 5886, Time: 00:32:43

Health: -11/35     AC:  3    Str:  6    XL:     7   Next: 37%
Magic:  0/14       EV: 19    Int: 17    God:    Dithmenos [......]
Gold:   207        SH:  5    Dex: 17    Spells: 1/14 levels left

rFire   + . .        a - +1 dagger
rCold   . . .        (no shield)
rNeg    . . .        c - +1 robe of Resonance {rF+ Dex+2 Archmagi}
rPois   .            (helmet restricted)
rElec   .            o - scarf {shadows}
rCorr   .            (gloves unavailable)
SInv    +            (boots unavailable)
Will    +....        d - amulet of reflection
Stlth   ++++         (no ring)
HPRegen 0.25/turn    (no ring)
MPRegen 0.14/turn

%: reflection, archmagi
@: about to teleport, very quick
A: very small, no large weapons, unfitting armour, see invisible, speed 3
a: Renounce Religion


You were on level 5 of the Dungeon.
You worshipped Dithmenos.
Dithmenos was noncommittal.
You visited 1 branch of the dungeon, and saw 5 of its levels.

You collected 343 gold pieces.
You spent 136 gold pieces at shops.

Inventory:

Hand Weapons
 a - a +1 dagger (weapon)
Armour
 b - a +0 robe
 c - the +1 robe of Resonance (worn) {rF+ Dex+2 Archmagi}
   (You bought it in a shop on level 3 of the Dungeon)

   Dex+2:     It affects your dexterity (+2).
   rF+:       It protects you from fire.
   Archmagi:  It increases the power of your magical spells.
 k - a +2 robe of positive energy
 o - a scarf of shadows (worn)
Jewellery
 d - an amulet of reflection (around neck)
Scrolls
 f - a scroll of revelation
 g - 2 scrolls of fog
 i - a scroll of immolation
 j - 2 scrolls of vulnerability
 l - a scroll of identify
 p - a scroll of teleportation
Potions
 m - a potion of degeneration {unknown}


   Skills:
 + Level 2.2 Fighting
 + Level 3.8 Short Blades
 + Level 0.7 Throwing
 + Level 5.0 Dodging
 + Level 7.1 Stealth
 + Level 4.4 Spellcasting
 + Level 5.1 Hexes
 - Level 0.3 Ice Magic


You had one spell level left.
You knew the following spells:

 Your Spells              Type           Power      Damage    Failure   Level
a - Ensorcelled Hibernat  Hex/Ice        38%        N/A       8%          2
b - Blink                 Tloc           10%        N/A       22%         2
c - Confusing Touch       Hex            31%        N/A       5%          3
d - Tukima's Dance        Hex            31%        N/A       5%          3
e - Inner Flame           Hex/Fire       18%        N/A       16%         3

Your spell library contained the following spells:

 Spells                   Type           Power      Damage    Failure   Level
 Foxfire                  Conj/Fire      20%        2x1d5     16%         1
 Kiss of Death            Conj/Necr      20%        2d7       16%         1
 Dazzling Flash           Conj/Hex       36%        N/A       16%         3
 Lesser Beckoning         Tloc           10%        N/A       22%         2
 Momentum Strike          Conj/Tloc      10%        3d8       22%         2
 Scorch                   Fire           10%        2d5       22%         2
 Manifold Assault         Tloc           5%         N/A       83%         4
 Fireball                 Conj/Fire      2%         3d4       99%         5


Dungeon Overview and Level Annotations

Branches:
Dungeon (5/15)             Temple (0/1) D:5

Altars:
Dithmenos
Hepliaklqana

Shops:
D:2 *   D:3 [(


Innate Abilities, Weirdness & Mutations

You are very small and have problems with some larger weapons.
You are too small for most types of armour.
You have supernaturally acute eyesight. (SInv)
You cover ground extremely quickly. (Speed+++)


Message History

* * * LOW HITPOINT WARNING * * *
Hit: a) +1 dagger
Press: ? - help, Dir - move target, f/p - iguana
Aim: an iguana (moderately wounded, about 30% to evade your +1 dagger)
You hit the iguana but do no damage.
The iguana is moderately wounded.
Hit: a) +1 dagger
Press: ? - help, Dir - move target, f/p - iguana
Aim: an iguana (moderately wounded, about 30% to evade your +1 dagger)
You barely miss the iguana.
The iguana is moderately wounded.
The iguana bites you.
* * * LOW HITPOINT WARNING * * *
You feel better. The iguana closely misses you.
Casting: Confusing Touch (dangerous; 5% risk of failure)
Confirm with . or Enter, or press ? or * to list all spells.
Aiming: Ensorcelled Hibernation (safe; 8% risk of failure)
Press: ? - help, Shift-Dir - straight line, f/p - iguana
Aim: an iguana (moderately wounded, chance to affect: 61%)
You feel a surge of power!
The iguana resists with significant effort.
The iguana completely misses you.
Okay, then.
As you read the scroll labelled HOSEIH FASIFADD, it crumbles to dust.
The creatures around you are filled with an inner flame!
It was a scroll of immolation.
The iguana barely misses you.
As you read the scroll labelled MOHAL URGHYGI, it crumbles to dust.
You feel strangely unstable.
It was a scroll of teleportation.
The iguana closely misses you.
As you read the scroll labelled FEZATONAMI, it crumbles to dust.
Your body is wracked with pain!
* * * LOW HITPOINT WARNING * * *
The iguana convulses!
Flame seeps out of the iguana.
It was a scroll of torment.
The iguana is engulfed in blazing flames.
Dithmenos accepts your kill.
The iguana explodes!
The fiery explosion engulfs you!! You resist.
Ouch! That really hurt!
You die...

....# ## ####.#
##### # ..# #.#
# #. #..# #.#
.#. #..# #.#
##.. .##..##.##
#..##...##..#..#
#..).h[..##§...#
#..## ##○§#..#
##s.## ##@§##..#
#.#..###..#.#..#
##Y#..#..#.##..#
#†#.#...#.#.#..#
#############...


There were no monsters in sight!

Vanquished Creatures
  A water moccasin (D:5)
  A black bear (D:4)
  An ogre (D:5)
  A scorpion (D:5)
  A jelly (D:4)
  A sleepcap (D:5)
  2 iguanas
  Natasha (thrice) (D:4)
  6 adders
  7 gnolls
  A worm (D:2)
  2 dart slugs
  An orc (D:3)
  4 endoplasms
  6 giant cockroaches
  7 hobgoblins
  5 kobolds
  2 quokkas
  14 ball pythons
  2 bats
  3 frilled lizards
  5 goblins
  7 rats
83 creatures vanquished.

Notes
Turn   | Place    | Note
-------+----------+-------------------------------------------
     0 | D:1      | Danienth the Spriggan Enchanter began the quest for the
                  | Orb.
     0 | D:1      | Reached XP level 1. HP: 9/9 MP: 5/5
   294 | D:1      | Reached XP level 2. HP: 9/13 MP: 6/6
  1331 | D:1      | Learned a level 2 spell: Ensorcelled Hibernation
  1579 | D:1      | Learned a level 2 spell: Blink
  1881 | D:2      | Reached XP level 3. HP: 17/17 MP: 8/8
  2504 | D:2      | Reached skill level 5 in Stealth
  2559 | D:2      | Found a hazy altar of Hepliaklqana.
  2681 | D:2      | Found Peprofuel's General Store.
  2944 | D:2      | Learned a level 3 spell: Confusing Touch
  2971 | D:2      | Identified a scroll of acquirement
  2971 | D:2      | Acquired Soedag's Opusculum on Conflagrant Resurrection
  2978 | D:2      | Reached XP level 4. HP: 21/21 MP: 1/9
  3679 | D:3      | Found Irif's Antique Armour Shop.
  3694 | D:3      | Reached skill level 1 in Fighting
  3694 | D:3      | Reached XP level 5. HP: 25/25 MP: 6/11
  3742 | D:3      | Bought a distressingly furry robe for 136 gold pieces
  3742 | D:3      | Identified the +1 robe of Resonance {rF+ Dex+2 Archmagi}
                  | (You bought it in a shop on level 3 of the Dungeon)
  3991 | D:3      | Found Pemeanent's Antique Weapon Emporium.
  4275 | D:4      | Noticed a black bear
  4288 | D:4      | Killed a black bear
  4289 | D:4      | Reached skill level 6 in Stealth
  4371 | D:4      | Reached XP level 6. HP: 30/30 MP: 4/12
  4565 | D:4      | Noticed Natasha
  4583 | D:4      | Killed Natasha
  5154 | D:4      | Found a shadowy altar of Dithmenos.
  5549 | D:4      | Noticed Natasha
  5556 | D:4      | Became a worshipper of Dithmenos the Shadowed
  5559 | D:4      | Killed Natasha
  5601 | D:4      | Noticed Natasha
  5606 | D:4      | Killed Natasha
  5681 | D:5      | Entered Level 5 of the Dungeon
  5702 | D:5      | Learned a level 3 spell: Tukima's Dance
  5706 | D:5      | Learned a level 3 spell: Inner Flame
  5718 | D:5      | Found a staircase to the Ecumenical Temple.
  5747 | D:5      | Noticed a water moccasin
  5750 | D:5      | Killed a water moccasin
  5751 | D:5      | Reached XP level 7. HP: 35/35 MP: 14/14
  5831 | D:5      | Reached skill level 5 in Hexes
  5843 | D:5      | Reached skill level 5 in Dodging
  5843 | D:5      | Reached skill level 7 in Stealth
  5886 | D:5      | Killed by an exploding iguana... ignited by their inner
                  | flame

Illustrated notes

Levels and vault maps discovered:
D:1:      eino_arrival_water_cross, layout_loops_corners,
          chequers_serial_rivers_small_3, minivault_14, feat_on_display
D:2:      layout_basic, serial_shops, nicolae_shop_tiny_glass, basic_altar
D:3:      layout_basic, serial_shops, nicolae_square_shop, shop
D:4:      layout_loops_ring, mainiacjoe_overflow_six_doors_small, uniq_natasha
D:5:      minmay_diamond_boxcup, layout_basic, kennysheep_mini_moat,
          mainiacjoe_overflow_alcove_4, fedhas_altar_4,
          minmay_temple_entry_overgrown, dreamdust_mushroom_princess,
          minmay_shop_damaged

Skill      XL: |  1  2  3  4  5  6  7 |
---------------+----------------------+-----
Dodging        | 3 4 5 |  5.0
Spellcasting   | 3 4 |  4.4
Hexes          | 4 5 |  5.1
Stealth        | 5 6 7 |  7.1
Short Blades   | 2 3 |  3.8
Fighting       | 1 2 |  2.2
Throwing       | |  0.7
Ice Magic      | |  0.3

Action                     |  1- 3 |  4- 6 |  7- 9 || total
---------------------------+-------+-------+-------++-------
  Melee: Dagger            |   144 |   143 |    28 ||   315
         Punch             |       |     5 |     1 ||     6
   Cast: Ensorcelled Hiber |     6 |    26 |     8 ||    40
         Confusing Touch   |     1 |     2 |     1 ||     4
    Use: Potion            |     4 |     3 |     2 ||     9
         Scroll            |     3 |     3 |     3 ||     9
   Stab: Sleeping          |    18 |    22 |     3 ||    43
         Distracted        |     2 |       |       ||     2
         Invisible         |       |     3 |       ||     3
         Confused          |       |     2 |       ||     2
 Armour: Robe              |    34 |    38 |    13 ||    85
  Dodge: Dodged            |    97 |   101 |    25 ||   223
  Block: Other             |     1 |    36 |     9 ||    46

Table legend: (Time is in decaauts)
 A = Elapsed time spent in this place.
 B = Non-inter-level travel time spent in this place.
 C = Inter-level travel time spent in this place.
 D = Time resting spent in this place.
 E = Time spent auto-exploring this place.
 F = Levels seen in this place.
 G = Mean time per level.
                   A        B        C        D        E       F      G
               +--------+--------+--------+--------+--------+-----+--------+
         Total |   4554 |   4396 |    158 |   1728 |   1942 |   5 |  910.8 |
       Dungeon |   4554 |   4396 |    158 |   1728 |   1942 |   5 |  910.8 |
               +--------+--------+--------+--------+--------+-----+--------+

Top non-repeatable levels by time:
     D:1: 1551 daAuts
     D:4: 1148 daAuts
     D:2: 1077 daAuts
     D:3: 636 daAuts
     D:5: 140 daAuts
